Map: [ESL] Oceanborn

Players

FoxeR

  • Race: Terran Terran
  • Spawn Location: 5:00

Kelazhur - Winner!

  • Race: Terran Terran
  • Spawn Location: 11:00

Event: ESL SC2 Masters 2024 Spring (Regional)

VOD

Have the link to the VOD?

Description

Time

  • Played on: April 13, 2024, 4:47 p.m.
  • Length: 12:41

All games in this series

Show
View Real Time Build Order
Export as new Build Order

FoxeR Terran 

Build Orders:  

Get SALT Encoding   

  12  0:00  SCV  
  13  0:12  SCV  
  14  0:16  Supply Depot  
  14  0:24  SCV  
  15  0:38  SCV  
  15  0:40  Barracks  
  15  0:42  Refinery  
  16  0:50  SCV  
  16  0:52  Refinery  
  17  1:02  SCV  
  18  1:14  SCV  
  19  1:27  Orbital Command, Reaper  
  19  1:32  Supply Depot  
  20  1:39  Factory  
  20  1:52  SCV  
  21  1:59  Reaper  
  22  2:04  SCV  
  23  2:14  Command Center  
  23  2:17  SCV  
  24  2:27  Hellion  
  24  2:29  SCV  
  27  2:35  Barracks Reactor  
  27  2:41  SCV  
  27  2:42  Starport  
  27  2:49  Factory Tech Lab  
  27  2:51  Supply Depot  
  27  2:53  SCV  
  29  3:05  SCV  
  29  3:12  Siege Tank  
  32  3:14  Marine x2  
  32  3:17  SCV  
  35  3:27  Medivac  
  35  3:29  SCV  
  35  3:30  Refinery  
  35  3:32  Marine  
  39  3:35  Marine  
  39  3:36  Orbital Command  
  40  3:42  SCV  
  41  3:50  Cyclone  
  41  3:54  SCV  
  44  4:02  SCV  
  45  4:04  Supply Depot  
  45  4:06  SCV  
  46  4:10  Viking x2  
  46  4:14  SCV  
  51  4:17  Supply Depot  
  51  4:18  SCV  
  51  4:23  Marine  
  53  4:25  Siege Tank  
  53  4:30  SCV  
  57  4:38  SCV  
  58  4:40  Viking x2  
  58  4:41  Marine  
  63  4:53  SCV  
  63  4:55  SCV  
  63  4:57  Refinery  
  65  5:01  Starport  
  65  5:02  Siege Tank  
  65  5:06  SCV  
  69  5:18  SCV  
  70  5:25  Viking x2, Supply Depot  
  74  5:39  SCV, Command Center  
  75  5:45  SCV  
  75  5:47  Liberator  
  75  5:48  Siege Tank  
  82  5:52  Supply Depot x2  
  82  6:01  Viking  
  82  6:03  SCV x2  
  86  6:13  Viking  
  86  6:15  SCV  
  85  6:22  SCV  
  72  6:27  SCV, Factory  
  72  6:30  Siege Tank  
  72  6:32  Liberator  
  79  6:34  SCV  
  79  6:39  SCV  
  81  6:41  Refinery  
  81  6:46  SCV, Refinery  
  81  6:47  Viking x2  
  84  6:51  SCV  
  88  6:55  Orbital Command  
  88  6:58  SCV  
  88  7:02  Siege Tank  
  88  7:03  SCV  
  92  7:09  Barracks Tech Lab  
  92  7:10  SCV  
  92  7:12  Bunker  
  92  7:14  Cyclone  
  92  7:15  SCV, Engineering Bay  
  96  7:20  Supply Depot  
  96  7:21  SCV  
  96  7:22  Viking  
  99  7:23  SCV  
  99  7:29  Viking  
  102  7:33  SCV  
  102  7:34  SCV, Siege Tank  
  107  7:44  Viking  
  97  8:02  SCV  
  97  8:03  Viking  
  82  8:06  Siege Tank  
  82  8:07  Command Center  
  82  8:10  Orbital Command  
  75  8:14  Siege Tank  
  75  8:15  SCV  
  78  8:25  SCV, Viking  
  75  8:27  SCV  
  75  8:30  Refinery  
  75  8:31  Supply Depot  
  76  8:36  Viking x2  
  76  8:37  SCV  
  76  8:39  SCV  
  82  8:45  SCV  
  83  8:49  SCV  
  83  8:51  SCV  
  83  8:52  Sensor Tower  
  85  8:57  SCV  
  85  9:01  SCV  
  87  9:03  SCV  
  87  9:08  Siege Tank, Sensor Tower  
  87  9:09  SCV  
  92  9:14  SCV  
  92  9:15  SCV, Supply Depot  
  97  9:21  SCV, Orbital Command  
  98  9:26  SCV  
  99  9:35  Viking  
  99  9:36  Starport Reactor  
  99  9:37  Viking  
  99  9:38  Barracks Reactor  
  95  9:39  SCV  
  95  9:40  Siege Tank, SCV  
  95  9:44  Supply Depot  
  95  9:45  SCV  
  101  9:46  SCV  
  101  9:49  Viking  
  101  9:52  SCV  
  102  9:54  Siege Tank, SCV  
  102  9:57  SCV  
  108  10:00  SCV  
  108  10:03  Armory  
  108  10:04  SCV  
  108  10:05  Viking  
  111  10:08  SCV  
  111  10:12  SCV  
  111  10:13  Siege Tank  
  116  10:18  Fusion Core  
  116  10:20  Viking x2  
  116  10:21  SCV x2  
  122  10:24  Barracks Tech Lab, Supply Depot  
  122  10:25  Supply Depot  
  122  10:28  Viking  
  124  10:31  Siege Tank  
  127  10:46  Siege Tank  
  127  10:49  Missile Turret, Barracks  
  130  10:50  Missile Turret, Supply Depot x2  
  130  10:52  Supply Depot  
  130  11:00  Viking  
  132  11:04  Sensor Tower  
  132  11:08  Armory  
  132  11:11  Viking, SCV, Liberator  
  132  11:12  Liberator  
  132  11:16  SCV x3  
  132  11:17  Missile Turret  
  144  11:23  Missile Turret  
  144  11:26  Missile Turret  
  144  11:29  Missile Turret x2  
  144  11:34  Siege Tank x2  
  146  11:49  Orbital Command  
Show
View Real Time Build Order
Export as new Build Order

Kelazhur Terran - Winner!

Build Orders: Cyclone Opening 

Get SALT Encoding   

  12  0:00  SCV  
  13  0:12  SCV  
  14  0:17  Supply Depot  
  14  0:24  SCV  
  15  0:38  SCV  
  15  0:41  Barracks  
  15  0:42  Refinery  
  16  0:50  SCV  
  16  0:52  Refinery  
  17  1:02  SCV  
  18  1:15  SCV  
  19  1:28  Orbital Command, Reaper  
  20  1:32  Supply Depot  
  20  1:41  Factory  
  20  1:53  SCV  
  21  2:00  Barracks Reactor  
  21  2:06  SCV  
  22  2:18  Command Center  
  22  2:28  SCV  
  23  2:38  Marine x2  
  23  2:40  SCV, Cyclone  
  26  2:45  Starport  
  26  2:52  SCV  
  26  2:57  Supply Depot  
  27  2:58  Marine x2  
  27  3:04  SCV  
  30  3:12  Factory Tech Lab  
  30  3:16  SCV  
  30  3:18  Marine x2  
  33  3:24  Starport Tech Lab  
  33  3:30  Orbital Command  
  33  3:34  Siege Tank  
  36  3:35  SCV  
  36  3:39  Marine  
  36  3:40  Marine  
  39  3:46  Refinery  
  39  3:47  SCV  
  40  3:50  Raven  
  42  3:56  SCV  
  42  3:58  Marine  
  42  3:59  SCV  
  42  4:01  Marine  
  46  4:06  Supply Depot  
  46  4:08  SCV  
  47  4:12  SCV, Siege Tank  
  51  4:17  Marine  
  51  4:19  Marine  
  51  4:21  SCV  
  54  4:28  SCV  
  54  4:31  Raven  
  57  4:33  SCV  
  57  4:36  Supply Depot  
  57  4:38  Interference Matrix, Marine x2  
  58  4:40  SCV  
  58  4:45  SCV  
  62  4:58  SCV  
  62  4:59  SCV  
  64  5:01  Command Center  
  64  5:02  Supply Depot  
  64  5:06  Raven  
  66  5:07  Stimpack  
  66  5:11  SCV  
  67  5:15  Factory Tech Lab, Marine  
  67  5:19  SCV  
  69  5:22  Supply Depot  
  69  5:24  SCV  
  69  5:25  Supply Depot  
  70  5:39  Supply Depot  
  70  5:42  SCV  
  70  5:43  SCV, Siege Tank, Marine  
  70  5:48  Supply Depot  
  75  5:54  SCV  
  75  5:55  SCV  
  77  6:01  Marine  
  78  6:06  SCV  
  78  6:08  SCV, Viking x2  
  84  6:15  Siege Tank  
  87  6:18  SCV  
  87  6:20  SCV  
  87  6:24  Marine  
  90  6:29  Command Center  
  90  6:30  SCV  
  90  6:31  Refinery  
  91  6:35  Barracks  
  91  6:36  SCV, Barracks  
  92  6:42  Viking x2, SCV  
  95  6:48  Siege Tank, SCV, Combat Shield, Marine  
  100  6:55  SCV  
  101  7:01  Supply Depot  
  101  7:03  Engineering Bay  
  101  7:04  Engineering Bay  
  101  7:06  Marine  
  102  7:16  Barracks  
  102  7:17  Barracks  
  102  7:18  Supply Depot  
  102  7:23  SCV x2, Siege Tank  
  102  7:24  Marine  
  108  7:31  Viking  
  108  7:41  Viking  
  108  7:43  SCV  
  108  7:44  Orbital Command, Marine x2  
  94  8:06  Marine  
  94  8:07  SCV x2  
  94  8:08  Barracks Reactor x2  
  94  8:09  Barracks Reactor, Marine  
  92  8:14  Orbital Command  
  92  8:17  Siege Tank  
  91  8:22  SCV  
  74  8:27  Terran Infantry Weapons Level 1, Terran Infantry Armor Level 1, Marine  
  74  8:29  Viking x2  
  74  8:31  SCV  
  74  8:32  Barracks Reactor  
  79  8:36  Factory  
  79  8:37  Armory  
  79  8:38  SCV  
  80  8:42  SCV  
  80  8:44  SCV, Marine x3, Supply Depot  
  80  8:45  Marine  
  80  8:46  Marine x2  
  88  8:51  Missile Turret  
  88  8:54  Siege Tank  
  91  8:58  SCV x3  
  91  8:59  Marine  
  91  9:00  Refinery x2  
  91  9:02  Marine  
  96  9:04  Medivac x2  
  96  9:06  Marine x2  
  96  9:07  Marine  
  103  9:13  Marine  
  103  9:14  Marine  
  105  9:20  Siege Tank  
  105  9:23  Command Center  
  105  9:24  Marine x3  
  109  9:25  Marine  
  109  9:26  Marine  
  109  9:32  SCV x3  
  109  9:37  Marine x3  
  112  9:43  Marine  
  112  9:44  SCV  
  112  9:45  SCV x2  
  116  9:46  Supply Depot  
  116  9:48  Marine  
  116  9:52  Marine x4  
  118  9:55  Marine x3  
  118  9:56  SCV  
  118  9:57  SCV x2  
  127  10:01  Siege Tank, Marine  
  127  10:05  Siege Tank  
  127  10:06  Medivac, Marine  
  137  10:08  SCV, Medivac  
  137  10:10  Marine x4  
  137  10:12  Supply Depot  
  144  10:16  Supply Depot  
  144  10:17  Terran Vehicle Weapons Level 1  
  144  10:19  Marine x3  
  144  10:20  Missile Turret  
  147  10:24  Terran Infantry Weapons Level 2  
  147  10:31  SCV x2  
  145  10:43  Siege Tank x2  
  145  10:45  SCV x2  
  153  10:50  Medivac x2, Marine  
  153  10:51  Marine x5  
  163  11:00  SCV x3  
  163  11:01  Marine x2  
  163  11:02  Marine  
  169  11:05  Supply Depot x2  
  169  11:08  Marine  
  170  11:21  Siege Tank x2  
  176  11:26  Orbital Command  
  176  11:29  Marine  
  176  11:30  Marauder, Marine x7  
  186  11:38  Supply Depot  
  184  11:47  Marine x2  
  184  11:50  Viking x2, Marine  
  184  11:53  Siege Tank  
  194  11:56  Marine  
  195  12:07  Siege Tank  
  174  12:13  Marine x8  
  174  12:14  Marine  
  169  12:19  Barracks  
  169  12:21  Barracks x2  
Tags
 
Add a new tag
Caveats
  • Supply blocks, unpowered buildings, or Contaminate may cause inaccurate times.
  • Supply counts are checked every 10 seconds.